 Dungeon Sprint DCSS version 0.31-a0-879-g1609e0ac53 (webtiles) character file.

Game seed: 1300392724846316251

17021 sircluck the Brawler (level 12, -3/208 HPs)
             Began as a Troll Berserker on Oct 14, 2023.
             Was the Champion of Trog.
             Killed by a royal mummy's death curse (27 damage)
             ... in the Dungeon (Sprint VII: "The Pits").
             The game lasted 00:05:51 (1763 turns).

sircluck the Brawler (Troll Berserker)              Turns: 1763, Time: 00:05:55

Health: -3/208     AC: 11    Str: 32    XL:     12   Next: 15%
Magic:  11/11      EV: 16    Int:  3    God:    Trog [******]
Gold:   26         SH:  0    Dex:  9    Spells: 11/11 levels left

rFire   . .          .
                       - Unarmed
rCold   . . .        (no shield)
rNeg    . . .        k - +0 troll leather armour {Pargi}
rPois   .            (helmet restricted)
rElec   .            o - +0 cloak
rCorr   .            (gloves unavailable)
SInv    .            (boots unavailable)
Will    .....        (no amulet) Stlth
                     l - +3 ring of protection
HPRegen 2.14/turn    m - +3 ring of evasion
MPRegen 0.12/turn

%: no teleportation, random rage (3%)
@: berserking, very quick
A: large, unfitting armour, claws 3, regeneration 1, shaggy fur 1, tough skin 1,
berserk 1, screaming 1
a: Renounce Religion, Berserk, Trog's Hand, Brothers in Arms


You were in the Dungeon.
You worshipped Trog.
Trog was exalted by your worship.
You visited 1 branch You collected 26 gold pieces.

Inventory:

Armour
 a - a +0 animal skin
 k - a +0 troll leather armour (worn) {Pargi}
 o - a +0 cloak (worn)
Jewellery
 l - a +3 ring of protection (left claw)
 m - a +3 ring of evasion (right claw)
 w - a ring of see invisible
 x - a ring of protection from cold
Wands
 g - a wand of iceblast (6)
Scrolls
 i - 2 scrolls of vulnerability
 j - a scroll of summoning
 p - a scroll of fear
 q - 4 scrolls of enchant armour
 r - a scroll of fog
 s - 5 scrolls of blinking
 v - 2 scrolls of identify
Potions
 b - 9 potions of curing
 c - 19 potions of heal wounds
 d - a potion of haste
 e - 4 potions of magic
 f - 5 potions of berserk rage
 h - 2 potions of invisibility
 n - a potion of mutation
 t - a potion of might
 u - a potion of resistance
 z - a potion of enlightenment


   Skills:
 + Level 14.0 Fighting
 + Level 12.5 Armour
 + Level 14.0 Dodging
 + Level 16.4 Unarmed Combat


You had 11 spell levels left.
You didn't know any spells.
Your spell library was empty.

Dungeon Overview and Level Annotations

Branches:
Dungeon (1/1)

Altars:
Ashenzari
Cheibriados
Dithmenos
Elyvilon
Fedhas
Gozag
Hepliaklqana
Kikubaaqudgha
Makhleb
Nemelex Xobeh
Okawaru
Qazlal
Ru
Sif Muna
Trog
Uskayaw
Vehumet
Wu Jian
Xom
Yredelemnul
Zin
The Shining One
Jiyva
Lugonu


Innate Abilities, Weirdness & Mutations

You are too large for most types of armour.
You have claws for hands.
Your natural rate of healing is unusually fast.
You are covered in fur. (AC +1)
You have tough skin. (AC +1)
You sometimes lose your temper in combat.
You occasionally shout uncontrollably at your foes.


Message History

Unknown command.
Unknown command.
A red film seems to cover your vision as you go berserk!
You feel yourself moving faster!
You feel mighty!
The royal mummy calls on the powers of darkness!
Your body is wracked with pain!
You feel a strong urge to attack something.
There is a large open door to the Hallway of Sentries (Extremely Hard) here.
You mangle the royal mummy!!
The royal mummy is lightly damaged.
The royal mummy calls on the powers of darkness!
Your body is wracked with pain!
* * * LOW HITPOINT WARNING * * *
You claw the royal mummy!
The royal mummy is lightly damaged.
You mangle the royal mummy!!
The royal mummy is moderately damaged.
The royal mummy hits you!
* * * LOW HITPOINT WARNING * * *
You mangle the royal mummy!!
The royal mummy is heavily damaged.
You eviscerate the royal mummy!!!
The royal mummy is severely damaged.
You mangle the royal mummy!!
The royal mummy is almost destroyed.
The royal mummy hits you!!
* * * LOW HITPOINT WARNING * * *
You claw the royal mummy!
The royal mummy is almost destroyed.
You barely miss the royal mummy.
The royal mummy is almost destroyed.
The royal mummy closely misses you.
You eviscerate the royal mummy!!!
You feel the power of Trog in you as your rage grows.
You destroy the royal mummy!
Trog accepts your kill.
Trog appreciates your killing of a magic user.
You feel extremely nervous for a moment...
Pain shoots through your body!!
You die...

#+# #.# #'#
################@#
............)[...#
.†).........))...#
+##############..#
#..# #..# #..#
#..# #).#


There were no monsters in sight!

Vanquished Creatures
  A royal mummy (D)
  Gastronok (D)
  A boulder beetle (D)
  A death yak (D)
  A vampire mage (D)
  A sea snake (D)
  A flayed ghost (D)
  An orc knight (D)
  A deep elf pyromancer (D)
  An orc sorcerer (D)
  An unseen horror (D)
  An orange demon (D)
  2 ice devils (D)
  A guardian mummy (D)
  A hornet (D)
  A troll (D)
  A large abomination (D)
  A snapping turtle (D)
  2 shadows (D)
  A fire elemental (D)
  A basilisk (D)
  A warg (D)
  Pargi (D)
  A sky beast (D)
  An orc warrior (D)
  An ogre (D)
  A bullfrog (D)
  A gnoll sergeant (D)
  2 scorpions (D)
  A quasit (D)
  A gnoll bouda (D)
  2 hounds (D)
  Terence (D)
  An iguana (D)
  3 orc wizards (D)
  A hell rat (D)
  An adder (D)
  7 gnolls (D)
  3 river rats (D)
  A white imp (D)
  8 orcs (D)
  A bat zombie (D)
  2 quokkas (D)
  A jackal skeleton (D)
  3 rats (D)
69 creatures vanquished.

Vanquished Creatures (collateral kills)
  Saint Roka (D)
  A death yak (D)
  A deep troll (D)
  An orc sorcerer (D)
  A manticore (shapeshifter) (D)
  A wolf spider (D)
  Maurice (D)
  An elephant (D)
  A merfolk siren (D)
  2 hornets (D)
  2 tarantellas (D)
  4 blink frogs (D)
  Prince Ribbit (D)
  A wyvern (D)
  2 wargs (D)
  An acid dragon (D)
  A floating eye (D)
  A swamp drake (D)
  3 orc warriors (D)
  A bullfrog (D)
  3 orc priests (D)
  A gnoll (D)
  An ufetubus (D)
  A worm (D)
  8 orcs (D)
  A kobold (D)
43 creatures vanquished.

Vanquished Creatures (others)
  An orc wizard (D)
1 creature vanquished.

Grand Total: 113 creatures vanquished

Notes
Turn   | Place    | Note
-------+----------+-------------------------------------------
     0 | D        | sircluck the Troll Berserker began the quest for the Orb.
     0 | D        | Reached XP level 1. HP: 22/22 MP: 0/0
    43 | D        | Found a bloodstained altar of Trog.
    43 | D        | Found a shimmering blue altar of Sif Muna.
    43 | D        | Found a viscous altar of Jiyva.
    43 | D        | Found a hazy altar of Hepliaklqana.
    43 | D        | Found an opulent altar of Gozag.
    44 | D        | Found a glowing golden altar of the Shining One.
    44 | D        | Found a glowing silver altar of Zin.
    44 | D        | Found a basalt altar of Yredelemnul.
    44 | D        | Found a shimmering altar of Xom.
    44 | D        | Found an ornate altar of the Wu Jian Council.
    44 | D        | Found a sacrificial altar of Ru.
    44 | D        | Found a stormy altar of Qazlal.
    44 | D        | Found an iron altar of Okawaru.
    44 | D        | Found a sparkling altar of Nemelex Xobeh.
    44 | D        | Found a burning altar of Makhleb.
    44 | D        | Found a blossoming altar of Fedhas.
    44 | D        | Found a white marble altar of Elyvilon.
    44 | D        | Found a shadowy altar of Dithmenos.
    44 | D        | Found a snail-covered altar of Cheibriados.
    46 | D        | Found a radiant altar of Vehumet.
    46 | D        | Found a corrupted altar of Lugonu.
    47 | D        | Found a hide-covered altar of Uskayaw.
    47 | D        | Found an ancient bone altar of Kikubaaqudgha.
    47 | D        | Found a broken altar of Ashenzari.
    91 | D        | Reached XP level 2. HP: 28/31 MP: 1/1
    98 | D        | Reached ** piety under Trog
    99 | D        | Reached skill level 4 in Unarmed Combat
   104 | D        | Noticed a scorpion
   105 | D        | Noticed a scorpion
   105 | D        | Noticed Pargi
   114 | D        | Killed a scorpion
   115 | D        | Reached skill level 5 in Unarmed Combat
   115 | D        | Reached XP level 3. HP: 40/40 MP: 2/2
   115 | D        | Reached XP level 4. HP: 49/49 MP: 3/3
   116 | D        | Killed a scorpion
   116 | D        | Reached *** piety under Trog
   117 | D        | Reached skill level 5 in Fighting
   117 | D        | Reached skill level 5 in Dodging
   117 | D        | Reached skill level 6 in Unarmed Combat
   117 | D        | Reached XP level 5. HP: 57/57 MP: 4/4
   119 | D        | Killed Pargi
   120 | D        | Reached skill level 7 in Unarmed Combat
   231 | D        | Noticed a sky beast
   243 | D        | Reached **** piety under Trog
   248 | D        | Reached XP level 6. HP: 65/68 MP: 5/5
   251 | D        | Killed a sky beast
   252 | D        | Reached skill level 8 in Unarmed Combat
   270 | D        | Reached ***** piety under Trog
   278 | D        | Noticed an orc warrior
   282 | D        | Reached XP level 7. HP: 38/78 MP: 6/6
   301 | D        | Reached skill level 9 in Unarmed Combat
   302 | D        | Received a gift from Trog
   351 | D        | Noticed a flayed ghost
   356 | D        | Killed a flayed ghost
   357 | D        | Reached skill level 5 in Armour
   357 | D        | Reached skill level 10 in Unarmed Combat
   357 | D        | Reached XP level 8. HP: 76/89 MP: 7/7
   367 | D        | Noticed Terence
   386 | D        | Killed Terence
   394 | D        | Noticed a snapping turtle
   404 | D        | Received a gift from Trog
   415 | D        | Killed a snapping turtle
   527 | D        | Noticed a sea snake
   539 | D        | Killed a sea snake
   540 | D        | Reached skill level 11 in Unarmed Combat
   540 | D        | Reached XP level 9. HP: 40/100 MP: 8/8
   612 | D        | Noticed an orange demon
   630 | D        | Killed an orange demon
   631 | D        | Reached skill level 10 in Fighting
   635 | D        | Reached ****** piety under Trog
   635 | D        | Received a gift from Trog
   648 | D        | Reached skill level 10 in Dodging
   683 | D        | Noticed a deep elf pyromancer
   688 | D        | Reached skill level 12 in Unarmed Combat
   706 | D        | Killed a deep elf pyromancer
   847 | D        | Noticed an ice devil
   847 | D        | Noticed Prince Ribbit
   869 | D        | Killed an ice devil
   870 | D        | Killed Prince Ribbit
   870 | D        | Received a gift from Trog
   876 | D        | Noticed a death yak
   883 | D        | Killed a death yak
   884 | D        | Reached XP level 10. HP: 91/113 MP: 9/9
   886 | D        | Reached skill level 13 in Unarmed Combat
   896 | D        | Noticed a deep troll
   899 | D        | Killed a deep troll
   911 | D        | Noticed an orc sorcerer
   925 | D        | Gained mutation: You sometimes lose your temper in combat.
                  | [a neqoxec]
   926 | D        | Gained mutation: You occasionally shout uncontrollably at
                  | your foes. [a neqoxec]
   926 | D        | Paralysed by an orc sorcerer for 3 turns
   935 | D        | Killed an orc sorcerer
   975 | D        | Noticed a merfolk siren
   976 | D        | Noticed Saint Roka
   983 | D        | Killed a merfolk siren
   983 | D        | Received a gift from Trog
   987 | D        | Noticed a steelbarb worm
   991 | D        | Killed Saint Roka
   992 | D        | Reached skill level 10 in Armour
   992 | D        | Reached skill level 14 in Unarmed Combat
   992 | D        | Reached XP level 11. HP: 123/123 MP: 10/10
   993 | D        | a steelbarb worm changed into a manticore
   994 | D        | Noticed an orc sorcerer
   996 | D        | Paralysed by a floating eye for 2 turns
   997 | D        | Noticed Maurice
   998 | D        | Received a gift from Trog
   999 | D        | Noticed a wolf spider
  1000 | D        | Killed an orc sorcerer
  1001 | D        | Killed a wolf spider
  1004 | D        | Killed Maurice
  1004 | D        | Received a gift from Trog
  1004 | D        | Paralysed by a floating eye for 4 turns
  1010 | D        | Reached skill level 15 in Unarmed Combat
  1010 | D        | Received a gift from Trog
  1023 | D        | Received a gift from Trog
  1166 | D        | Noticed a death yak
  1167 | D        | Noticed Gastronok
  1172 | D        | Killed a death yak
  1180 | D        | Killed Gastronok
  1326 | D        | Paralysed by a hornet for 3 turns
  1330 | D        | Received a gift from Trog
  1331 | D        | Reached skill level 16 in Unarmed Combat
  1379 | D        | Noticed an orc knight
  1399 | D        | Killed an orc knight
  1400 | D        | Reached XP level 12. HP: 121/137 MP: 11/11
  1401 | D        | Received a gift from Trog
  1477 | D        | Noticed a vampire mage
  1488 | D        | Killed a vampire mage
  1527 | D        | Noticed a boulder beetle
  1550 | D        | Killed a boulder beetle
  1550 | D        | Received a gift from Trog
  1752 | D        | Noticed a royal mummy
  1763 | D        | Killed a royal mummy
  1763 | D        | Killed by a royal mummy's death curse

Illustrated notes

Levels and vault maps discovered:
D:        pitsprint [storerooms_1, entrance_room_1, metal_vault_4, armoury_1,
          mini_pit_1, grid_room_1, main_hall_1, silver_pit, the_coven_1,
          the_vestibule_1, steel_vault_1, golden_pit, hallway_of_sentries,
          crystal_vault_6, iron_vault_1, final_vault]

Skill      XL: |  1  2  3  4  5  6  7  8  9 10 11 12 |
---------------+-------------------------------------+-----
Fighting       | 3 4 5 6 7 8 9 11 12 13 14 | 14.0
Dodging        | 3 4 5 6 7 8 9 10 12 13 14 | 14.0
Unarmed Combat | 5 6 7 8 10 11 12 14 16 | 16.4
Armour         | 3 5 6 8 10 12 | 12.5

Action                     |  1- 3 |  4- 6 |  7- 9 | 10-12 || total
---------------------------+-------+-------+-------+-------++-------
  Melee: Unarmed           |    17 |    39 |   117 |    96 ||   269
         Punch             |       |     1 |     2 |     8 ||    11
 Invoke: Berserk           |     1 |       |     3 |     2 ||     6
         Brothers in Arms  |       |       |     1 |     3 ||     4
    Use: Potion            |       |       |     1 |       ||     1
         Scroll            |       |       |     1 |       ||     1
 Armour: Animal skin       |     9 |     1 |       |       ||    10
         Troll leather arm |       |    14 |    60 |    73 ||   147
  Dodge: Dodged            |     7 |    12 |    62 |    52 ||   133

Table legend: (Time is in decaauts)
 A = Elapsed time spent in this place.
 B = Non-inter-level travel time spent in this place.
 C = Inter-level travel time spent in this place.
 D = Time resting spent in this place.
 E = Time spent auto-exploring this place.
 F = Levels seen in this place.
 G = Mean time per level.
                   A        B        C        D        E       F      G
               +--------+--------+--------+--------+--------+-----+--------+
         Total |   1822 |   1822 |      0 |    791 |    322 |   1 | 1822.0 |
       Dungeon |   1822 |   1822 |      0 |    791 |    322 |   1 | 1822.0 |
               +--------+--------+--------+--------+--------+-----+--------+

Top non-repeatable levels by time:
       D: 1822 daAuts
